 Dungeon Crawl Stone Soup version 0.23.2-1-ga50397a (webtiles) character file.

Game seed: 16057888391176988798

704 gohu the Cleaver (level 7, 0/57 HPs)
             Began as a Minotaur Fighter on June 2, 2019.
             Succumbed to an orc wizard's poison
             ... on level 4 of the Dungeon.
             The game lasted 00:06:52 (3110 turns).

gohu the Cleaver (Minotaur Fighter)                 Turns: 3110, Time: 00:06:52

Health: 0/57       AC: 11    Str: 21    XL:     7   Next: 39%
Magic:  6/6        EV:  5    Int:  5    God:
Gold:   159        SH: 11    Dex: 11    Spells: 6/6 levels left

rFire    + . .     SeeInvis .   a - +0 war axe
rCold    + . .     Gourm    .   c - +0 shield
rNeg     . . .     Faith    .   u - +0 chain mail
rPois    +         Spirit   .   (helmet restricted)
rElec    +         Reflect  +   (no cloak)
rCorr    +         Harm     .   (no gloves)
MR       .....                  v - +1 pair of boots
Stlth    ..........             w - +2 amulet of reflection
HPRegen  0.19/turn              (no ring)
MPRegen  0.10/turn              (no ring)

@: lethally poisoned (0 -> -46), resistant
A: retaliatory headbutt, horns 2
a: no special abilities


You were on level 4 of the Dungeon.
You were not hungry.

You visited 2 branches of the dungeon, and saw 5 of its levels.

You collected 159 gold pieces.

Inventory:

Hand Weapons
 a - a +0 war axe (weapon)
Armour
 b - a +0 scale mail
 c - a +0 shield (worn)
 u - a +0 chain mail (worn)
 v - a +1 pair of boots (worn)
Jewellery
 e - a +2 amulet of reflection
 w - a +2 amulet of reflection (around neck)
 x - an uncursed amulet of regeneration {unknown}
 z - an uncursed ring of positive energy {unknown}
Wands
 q - a wand of acid (4)
 C - a wand of random effects (14)
Scrolls
 g - 5 scrolls of remove curse {unknown}
 j - a scroll of amnesia {unknown}
 n - 2 scrolls of identify {unknown}
 p - 3 scrolls of noise {unknown}
 s - a scroll of teleportation {unknown}
 y - a scroll of blinking {unknown}
 B - a scroll of enchant armour {unknown}
Potions
 d - 2 potions of might
 h - 2 potions of curing {unknown}
 i - a potion of flight {unknown}
 k - 3 potions of resistance
 l - a potion of heal wounds {unknown}
 m - a potion of degeneration {unknown}
 o - a potion of lignification {unknown}
 r - a potion of magic {unknown}
 t - a potion of invisibility {unknown}
Comestibles
 f - 8 rations


   Skills:
 - Level 3.6 Fighting
 + Level 10.0 Axes
 - Level 3.6 Armour
 - Level 3.6 Shields


You had 6 spell levels left.
You didn't know any spells.
Your spell library was empty.

Dungeon Overview and Level Annotations

Branches:
Dungeon (4/15)             Temple (1/1) D:4

Altars:
Ashenzari
Cheibriados
Dithmenos
Elyvilon
Fedhas
Gozag
Kikubaaqudgha
Makhleb
Qazlal
Ru
Sif Muna
Trog
Vehumet
Xom
Yredelemnul
The Shining One

Shops:
D:4 }

Annotations:
D:3 1 runed translucent door, ThisFiasco's ghost, amateur SpEn


Innate Abilities, Weirdness & Mutations

You reflexively headbutt those who attack you in melee.
You have a pair of horns on your head.


Message History

You miss something.
* * * LOW HITPOINT WARNING * * *
You feel very sick. Something hits you.
* * * LOW HITPOINT WARNING * * *
You are more poisoned.
You hit something.
* * * LOW HITPOINT WARNING * * *
You feel very sick. Something hits you but does no damage.
You are more poisoned.
You slash something!
Reactivating autopickup.
Your Axes skill increases to level 10!
You feel a bit more experienced.
* * * LOW HITPOINT WARNING * * *
You feel very sick.
It was a potion of resistance.
You feel protected.
You die...

.#..#..........#...#
.#..#..........#...#
##..#..........#...#
##..#..........#...#
....#........<.#...#
....#..........#...#
.>..#..........#...#
....#..........#...#
....#..........#@).#
##..#..........#)).#
##..#..........#...#
....#..........#...#
....#..........#...#
....#..........#...#
....#..........#...#
....#..........#...#
##..#..........#


There were no monsters in sight!

Vanquished Creatures
  Sigmund (D:4)
  An ogre (D:4)
  Blork the orc (D:4)
  A howler monkey (D:4)
  A hound (D:4)
  An orc priest (D:4)
  4 orc wizards
  2 worker ants (D:4)
  Robin (D:2)
  3 adders
  4 worms
  2 leopard geckos
  14 orcs
  2 ball pythons
  3 giant cockroaches
  5 hobgoblins
  4 quokkas
  4 frilled lizards
  12 goblins
  5 kobolds
  A leopard gecko skeleton (D:4)
  A quokka skeleton (D:4)
  6 rats
79 creatures vanquished.

Notes
Turn   | Place    | Note
-------+----------+-------------------------------------------
     0 | D:1      | gohu the Minotaur Fighter began the quest for the Orb.
     0 | D:1      | Reached XP level 1. HP: 19/19 MP: 0/0
    87 | D:1      | Reached skill level 3 in Axes
   200 | D:1      | Reached XP level 2. HP: 26/26 MP: 1/1
   604 | D:2      | Reached skill level 4 in Axes
   709 | D:2      | Noticed Robin
   712 | D:2      | Reached XP level 3. HP: 30/31 MP: 2/2
   721 | D:2      | Killed Robin
  1107 | D:3      | Reached skill level 5 in Axes
  1206 | D:3      | Found a runed translucent door.
  1228 | D:3      | Noticed ThisFiasco's ghost (amateur SpEn)
  1244 | D:3      | Reached XP level 4. HP: 35/39 MP: 3/3
  1774 | D:4      | Reached skill level 6 in Axes
  1784 | D:4      | Reached XP level 5. HP: 31/45 MP: 4/4
  1896 | D:4      | Noticed an ogre
  1952 | D:4      | Noticed Blork the orc
  1964 | D:4      | Killed Blork the orc
  1964 | D:4      | Reached skill level 7 in Axes
  1976 | D:4      | Reached XP level 6. HP: 31/51 MP: 5/5
  2243 | D:4      | Found Muifoataip's Gadget Shoppe.
  2306 | D:4      | Found a white marble altar of Elyvilon.
  2354 | D:4      | Found a staircase to the Ecumenical Temple.
  2362 | Temple   | Entered the Ecumenical Temple
  2616 | D:4      | Noticed Sigmund
  2657 | D:3      | Reached skill level 8 in Axes
  2823 | D:4      | Reached skill level 9 in Axes
  2947 | D:4      | Killed Sigmund
  2947 | D:4      | Reached XP level 7. HP: 45/57 MP: 6/6
  3109 | D:4      | Reached skill level 10 in Axes
  3109 | D:4      | HP: 2/57 [poisoned by an orc wizard]
  3110 | D:4      | Succumbed to an orc wizard's poison

Skill      XL: |  1  2  3  4  5  6  7 |
---------------+----------------------+-----
Axes           | 3 4 5 6 7 9 10 | 10.0
Fighting       | |  3.6
Armour         | |  3.6
Shields        | |  3.6

Action                   |  1- 3 |  4- 6 |  7- 9 || total
-------------------------+-------+-------+-------++-------
Melee: War axe           |    75 |   101 |    18 ||   194
       Headbutt          |    12 |    14 |     2 ||    28
Evoke: Wand              |       |     1 |       ||     1
  Use: Potion            |       |     1 |     1 ||     2
  Eat: Chunk             |     1 |     6 |       ||     7
Armor: Scale mail        |    18 |     4 |       ||    22
       Chain mail        |       |    45 |     7 ||    52
Dodge: Dodged            |    14 |    16 |     2 ||    32
Block: Shield            |    35 |    50 |     8 ||    93
       Reflection        |       |     2 |       ||     2
